 Dungeon Crawl Stone Soup version 0.27.1-34-g3ba077fa99 (webtiles) character file.

Game seed: 1114069627157378999

113 Atelerd the Sneak (level 4, 0/27 HPs)
             Began as an Octopode Earth Elementalist on Jan 4, 2022.
             Was an Initiate of Sif Muna.
             Slain by an adder (5 damage)
             ... while paralysed by Ijyb
             ... on level 4 of the Dungeon.
             The game lasted 00:02:23 (2887 turns).

Atelerd the Sneak (Octopode Earth Elementalist)     Turns: 2887, Time: 00:02:24

Health: 0/27       AC:  1    Str: 13    XL:     4   Next: 96%
Magic:  5/7        EV:  2    Int: 18    God:    Sif Muna [......]
Gold:   122        SH:  0    Dex: 12    Spells: 1/8 levels left

rFire    . . .     SeeInvis .   d - +0 dagger
rCold    . . .     Faith    .   (no shield)
rNeg     . . .     Spirit   .   (helmet restricted)
rPois    .         Reflect  .   (no amulet)
rElec    .         Harm     .   a - +6 ring of strength
rCorr    .         Rampage  .   f - ring of wizardry
Will     .....                  (no ring)
Stlth    ++++......             (no ring)
HPRegen  0.09/turn              (no ring)
MPRegen  0.10/turn              (no ring)
                                (no ring)
                                (no ring)

@: paralysed, lethally poisoned (0 -> -7)
A: almost no armour, amphibious, 8 rings, camouflage 1, gelatinous body 1,
(nimble swimmer 1), tentacles
a: Renounce Religion


You were on level 4 of the Dungeon.
You worshipped Sif Muna.
Sif Muna was noncommittal.
You visited 1 branch of the dungeon, and saw 4 of its levels.

You collected 122 gold pieces.

Inventory:

Hand Weapons
 d - a +0 dagger (weapon)
Missiles
 b - 129 stones
Jewellery
 a - a +6 ring of strength (left tentacle)
 f - a ring of wizardry (right tentacle)
Scrolls
 c - 5 scrolls of teleportation {unknown}
 h - a scroll of magic mapping {unknown}
 i - a scroll of identify {unknown}
Potions
 e - a potion of lignification {unknown}
 g - a potion of degeneration {unknown}


   Skills:
 - Level 2.0 Dodging
 * Level 4.9 Stealth
 + Level 2.6 Spellcasting
 + Level 2.1 Transmutations
 + Level 3.6 Earth Magic


You had one spell level left.
You knew the following spells:

 Your Spells              Type           Power      Damage    Failure   Level
a - Sandblast             Erth           30%        2d9       1%          1
p - Petrify               Tmut/Erth      12%        N/A       21%         4
w - Passwall              Tmut/Erth      10%        N/A       3%          2

Your spell library contained the following spells:

 Spells                   Type           Power      Damage    Failure   Level
 Apportation              Tloc           4%         N/A       7%          1
 Corona                   Hex            2%         N/A       7%          1
 Foxfire                  Conj/Fire      8%         2x1d4     7%          1
 Pain                     Necr           8%         1d4       7%          1
 Stone Arrow              Conj/Erth      16%        3d8       10%         3
 Summon Forest            Summ/Tloc      1%         N/A       86%         5
 Simulacrum               Ice/Necr       1%         N/A       100%        6
 Haunt                    Necr/Summ      1%         N/A       100%        7


Dungeon Overview and Level Annotations

Branches:
Dungeon (4/15)
 Temple: D:4-7

Altars:
Sif Muna

Annotations:
D:3 1 runed translucent door, Crazy Yiuf
D:4 Ijyb


Innate Abilities, Weirdness & Mutations

You cannot wear most types of armour.
You are amphibious.
You can wear up to eight rings at the same time.
Your skin changes colour to match your surroundings (Stealth+).
Your rubbery body absorbs attacks. (AC +1, EV +1)
((You are camouflaged near water. (Stealth+)))
You have tentacles for arms and can constrict up to eight enemies at once.


Message History

You climb downwards.
Level annotation: 1 runed translucent door, Crazy Yiuf
There is a stone staircase leading up here.
There is a stone staircase leading down here.
You climb downwards.
There is a stone staircase leading up here.
There are monsters nearby!
There are monsters nearby!
There are monsters nearby!
There are monsters nearby!
There are monsters nearby!
The helpless Ijyb fails to defend herself.
You puncture Ijyb! Your grab misses Ijyb. Your squeeze misses Ijyb.
Ijyb is moderately wounded.
Ijyb hits you with a +0 dagger.
You hit Ijyb but do no damage. You grab Ijyb. You squeeze Ijyb.
Ijyb is heavily wounded.
You constrict Ijyb, but do no damage.
The hobgoblin shouts!
Ijyb zaps a wand.
You resist with some effort.
You hear a shout!
The adder hisses angrily.
You hear a shout!
The blast of sand hits Ijyb.
Ijyb is heavily wounded.
You constrict Ijyb. Ijyb hits you with a +0 dagger.
The blast of sand hits Ijyb but does no damage.
Ijyb is severely wounded.
You constrict Ijyb, but do no damage.
Ijyb zaps a wand.
You suddenly lose the ability to move!
You lose your grip on Ijyb.
The hobgoblin hits you. The adder bites you.
You are poisoned.
The adder poisons you!
Ijyb zaps a wand.
You shrug off the repeated paralysis!
You feel sick. The adder bites you. The hobgoblin hits you.
Ijyb hits you with a +0 dagger.
You feel sick. The adder bites you.
* * * LOW HITPOINT WARNING * * *
You are more poisoned.
The adder poisons you! The hobgoblin hits you.
* * * LOW HITPOINT WARNING * * *
The adder bites you.
You die...

.. ..
####.###
#......##
#.......
#.....# .
#gg..#....
#.@S......
#...##....
#...# .
###.# .#
.. .. ..#


You could see Ijyb, an adder and a hobgoblin.

Vanquished Creatures
  Jessica (D:3)
  2 adders (D:3)
  A gnoll (D:1)
  2 worms (D:3)
  3 dart slugs
  An orc (D:3)
  4 endoplasms
  2 giant cockroaches
  2 goblins
  7 hobgoblins
  4 quokkas
  4 bats
  6 frilled lizards
  4 kobolds
  2 rats
45 creatures vanquished.

Notes
Turn   | Place    | Note
-------+----------+-------------------------------------------
     0 | D:1      | Atelerd the Octopode Earth Elementalist began the quest for
                  | the Orb.
     0 | D:1      | Reached XP level 1. HP: 11/11 MP: 3/3
   157 | D:1      | Reached skill level 3 in Stealth
   167 | D:1      | Reached XP level 2. HP: 17/17 MP: 5/5
   922 | D:1      | Reached XP level 3. HP: 21/21 MP: 4/6
  1099 | D:1      | Got Hopp's Compendium of Dark Translocation
  1300 | D:2      | You fall into a shaft and drop 1 floor!
  1329 | D:3      | Reached skill level 4 in Stealth
  1334 | D:3      | Noticed Jessica
  1341 | D:3      | Killed Jessica
  1342 | D:3      | Reached XP level 4. HP: 16/27 MP: 5/7
  1862 | D:3      | Found a runed translucent door.
  1863 | D:3      | Noticed Crazy Yiuf
  2032 | D:3      | Found a shimmering blue altar of Sif Muna.
  2126 | D:3      | Became a worshipper of Sif Muna the Loreminder
  2131 | D:3      | Learned a level 2 spell: Passwall
  2135 | D:3      | Got Sif Muna's Handbook of Flames
  2137 | D:3      | Got Sif Muna's Incunabulum of Malediction
  2139 | D:3      | Got Sif Muna's Catalogue of the Traveller
  2526 | D:2      | Learned a level 4 spell: Petrify
  2880 | D:4      | Noticed Ijyb
  2884 | D:4      | Paralysed by Ijyb for 6 turns
  2887 | D:4      | Slain by an adder

Illustrated notes

Levels and vault maps discovered:
D:1:      amcnicky_arrival_wind_blow, layout_loops_ring,
          amcnicky_mini_rare_corridor_liquid
D:2:      layout_rooms, lightli_corner_chamber
D:3:      layout_loops_cross, nicolae_sif_muna_little_library,
          grunt_ministairs_8, uniq_crazy_yiuf_cottage, uniq_jessica
D:4:      layout_cave_pools, minmay_temple_entry_proselytizer,
          corexii_leaking_fountain, grunt_ministairs_4, amethyst_killhole,
          uniq_ijyb

Skill      XL: |  1  2  3  4 |
---------------+-------------+-----
Stealth        | 3 4 |  4.9
Transmutations | 2 |  2.1
Dodging        | |  2.0
Spellcasting   | |  2.6
Earth Magic    | |  3.6

Action                   |  1- 3 |  4- 6 || total
-------------------------+-------+-------++-------
Melee: Dagger            |    35 |    26 ||    61
       Constrict         |     7 |     8 ||    15
       Unarmed           |     1 |       ||     1
       Tentacles         |     5 |     9 ||    14
 Cast: Sandblast         |     8 |    14 ||    22
       Passwall          |       |     2 ||     2
 Stab: Sleeping          |    10 |     8 ||    18
Armor: Skin              |     2 |     2 ||     4
Dodge: Dodged            |    18 |     9 ||    27
